 Dungeon Sprint DCSS version 0.21.1-1-g345015f (webtiles) character file.

1490 Psiloshibe the Basher (level 8, -2/53 HPs)
             Began as a Gargoyle Gladiator on June 10, 2018.
             Slain by a death cob (9 damage)
             ... in the Dungeon (Sprint V: "Ziggurat Sprint").
             The game lasted 00:02:10 (506 turns).

Psiloshibe the Basher (Gargoyle Gladiator)           Turns: 506, Time: 00:02:11

Health: -2/53      AC: 33    Str: 27    XL:     8   Next: 80%
Magic:  8/8        EV:  5    Int:  8    God:
Gold:   0          SH: 30    Dex: 14    Spells: 7/7 levels left

rFire    . . .     SeeInvis .   a - +6 shillelagh "Devastator" {shatter}
rCold    . . .     Gourm    .   J - +18 shield of the Gong {rElec rN+ MR+ EV-5}
rNeg     + + .     Faith    .   I - +15 Maxwell's patent armour {-Cast -Tele rElec MR+ rCorr}
rPois    ∞         Spirit   .   c - +0 helmet
rElec    +         Reflect  .   (no cloak)
rCorr    +         Harm     .   (no gloves)
MR       ++...     NoTele   +   (no boots) Stlth ..........NoCast +
                                (no amulet)
HPRegen  0.17/turn              b - ring "Edankaimet" {+Fly rPois Dex+3}
MPRegen  0.11/turn              C - +6 ring of strength

@: slowed, very slow
A: negative energy resistance 1, electricity resistance, unbreathing,
petrification resistance, rot immunity, AC +5
a: Evoke Flight


You were in the Dungeon.
You were not hungry.

You visited 1 branch

Inventory:

Hand Weapons
 a - the +6 shillelagh "Devastator" (weapon) {shatter}
   (You found it in the Dungeon)
 L - the cursed +3 quarterstaff of Zogh {venom, rF+ Str+4 SInv}
   (You found it in the Dungeon)

   It poisons the flesh of those it strikes.
   It affects your strength (+4).
   It protects you from fire.
   It lets you see invisible.
   It has a curse placed upon it.
Missiles
 d - 3 throwing nets (quivered)
Armour
 c - a +0 helmet (worn)
 I - the +15 Maxwell's patent armour (worn) {-Cast -Tele rElec MR+ rCorr}
   (You found it in the Dungeon)

   It insulates you from electricity.
   It affects your resistance to hostile enchantments.
   It prevents spellcasting.
   It prevents most forms of teleportation.
   It protects you from acid and corrosion.
 J - the +18 shield of the Gong (worn) {rElec rN+ MR+ EV-5}
   (You found it in the Dungeon)

   It affects your evasion (-5).
   It insulates you from electricity.
   It protects you from negative energy.
   It affects your resistance to hostile enchantments.
Jewellery
 b - the ring "Edankaimet" (left hand) {+Fly rPois Dex+3}
   (You found it in the Dungeon)

   [ring of poison resistance]

   It affects your dexterity (+3).
   It protects you from poison.
   It lets you fly.
 y - a +6 ring of dexterity
 z - a +6 ring of dexterity
 A - a +6 ring of intelligence
 B - a +6 ring of intelligence
 C - a +6 ring of strength (right hand)
 D - a +6 ring of strength
Wands
 E - a wand of disintegration (7)
 F - a wand of iceblast (7)
 G - a wand of acid (7)
Scrolls
 k - 4 scrolls of blinking
 r - 4 scrolls of amnesia
 s - 7 scrolls of fog
 t - a scroll of holy word
 u - 5 scrolls of identify
 v - 5 scrolls of remove curse
 w - 2 scrolls of fear
Potions
 e - 10 potions of curing
 g - 10 potions of heal wounds
 h - 6 potions of haste
 i - 7 potions of magic
 j - 3 potions of berserk rage
 l - 2 potions of brilliance
 m - 2 potions of invisibility
 n - 4 potions of resistance
 o - a potion of experience
 p - 5 potions of agility
 q - 5 potions of might
Miscellaneous
 x - a lightning rod (4/4)
 H - a box of beasts
 K - a lightning rod (4/4)
 M - a lamp of fire
 N - a phial of floods
Comestibles
 f - 7 rations


   Skills:
 + Level 7.3 Fighting
 + Level 11.6 Maces & Flails
 + Level 4.9 Throwing
 + Level 4.3 Armour
 + Level 8.9 Dodging
 + Level 7.8 Shields


You had 7 spell levels left.
You didn't know any spells.

Dungeon Overview and Level Annotations

Branches:
Dungeon (1/1)

Altars:
Ashenzari
Cheibriados
Dithmenos
Elyvilon
Fedhas
Gozag
Hepliaklqana
Kikubaaqudgha
Makhleb
Nemelex Xobeh
Okawaru
Qazlal
Ru
Sif Muna
Trog
Uskayaw
Vehumet
Wu Jian
Xom
Yredelemnul
Zin
The Shining One
Beogh
Jiyva
Lugonu

Annotations:
D 1 transporter


Innate Abilities, Weirdness & Mutations

You are resistant to torment.
Your stone body is resilient. (AC +5)
You are immune to poison.
You resist negative energy. (rN+)
You are resistant to electric shocks. (rElec)
You can survive without breathing.
You are immune to petrification.
You are immune to rotting.


Message History

The death cob drains your vigour!
You feel yourself slow down. The death cob hits you!
* * * LOW HITPOINT WARNING * * *
The death cob drains your vigour!
You feel as though you will be slow longer.
The death cob hits you but does no damage.
You block the death cob's attack.
GONNNNG!
You block the death cob's attack.
PANG!
You block the death cob's attack.
GONNNNG!
The death cob hits you but does no damage.
You block the death cob's attack.
PANG!
You block the death cob's attack.
BOUMMMMG!
The death cob hits you but does no damage.
The death cob hits you!
You die...

▓....(..▓
▓.▓...▓.▓
▓...©...▓
▓▓▓▓▓▓▓▓▓
▓..8©8..▓
▓..:):..▓
▓..)::..▓
▓.d.....▓
▓@zd....▓
▓.zdd...▓
▓.......▓
▓.▓...▓.▓
▓...©...▓
▓▓▓▓▓▓▓▓▓


You could see a white draconian, 2 death cobs and 3 draconians.

Vanquished Creatures
  5 merfolk (D)
  2 water moccasins (D)
  A porcupine (D)
  A centaur (D)
  2 mummies (D)
  An adder (D)
  A river rat (D)
  An orc (D)
  2 ball pythons (D)
  A jackal (D)
17 creatures vanquished.

Vanquished Creatures (others)
  Frances (D)
  Terence (D)
2 creatures vanquished.

Grand Total: 19 creatures vanquished

Notes
Turn   | Place    | Note
-------+----------+-------------------------------------------
     0 | D        | Found the +6 Majin-Bo {vamp, Archmagi MP+6 Int+6}
     0 | D        | Found the +7 great mace "Firestarter" {inner flame, rF++}
     0 | D        | Psiloshibe the Gargoyle Gladiator began the quest for the Orb.
     0 | D        | Reached XP level 1. HP: 12/12 MP: 1/1
     0 | D        | Found a deep blue altar of Sif Muna.
     0 | D        | Found a bloodstained altar of Trog.
     0 | D        | Found a sacrificial altar of Ru.
     0 | D        | Found a stormy altar of Qazlal.
     0 | D        | Found an iron altar of Okawaru.
     1 | D        | Found a sparkling altar of Nemelex Xobeh.
     1 | D        | Found a blossoming altar of Fedhas.
     3 | D        | Found a transporter.
     3 | D        | Found an ancient bone altar of Kikubaaqudgha.
     3 | D        | Found a viscous altar of Jiyva.
     3 | D        | Found a corrupted altar of Lugonu.
     3 | D        | Found a hazy altar of Hepliaklqana.
     3 | D        | Found a burning altar of Makhleb.
     3 | D        | Found an opulent altar of Gozag.
    23 | D        | Found the +9 heavy crossbow "Sniper" {velocity, Acc+∞ SInv}
    23 | D        | Found the +10 dark maul {crush}
    23 | D        | Found the +15 Maxwell's patent armour {-Cast -Tele rElec MR+ rCorr}
    23 | D        | Found the +18 shield of the Gong {rElec rN+ MR+ EV-5}
    23 | D        | Found the cursed +14 obsidian axe {chop, +Fly SInv *Curse}
    24 | D        | Found the +6 shillelagh "Devastator" {shatter}
    24 | D        | Found the +11 plutonium sword {*Contam Stlth-}
    24 | D        | Found the +8 lance "Wyrmbane" {slay drac, rPois rF+ rC+ AC+3}
    24 | D        | Found the +9 sword of Zonguldrok {reap}
    24 | D        | Found the cursed +13 scythe of Curses {drain, *Curse}
    24 | D        | Found the +0 sword of Power
    24 | D        | Found the -1 mace of Variability {chaos}
    24 | D        | Found the +7 Singing Sword
    24 | D        | Found the +7 longbow "Piercer" {penet, EV-2}
    50 | D        | Entered arena 2.
    50 | D        | Found a transporter.
    53 | D        | Reached skill level 4 in Maces & Flails
    53 | D        | Reached XP level 2. HP: 18/18 MP: 2/2
    53 | D        | Reached XP level 3. HP: 23/23 MP: 3/3
    61 | D        | Entered arena 3.
    61 | D        | Noticed a draconian
    61 | D        | Noticed a draconian
    61 | D        | Noticed a red draconian
    61 | D        | Found a transporter.
    69 | D        | Entered arena 4.
    69 | D        | Noticed a porcupine
    69 | D        | Found a transporter.
    74 | D        | Reached skill level 1 in Armour
    74 | D        | Killed a porcupine
    74 | D        | Reached skill level 7 in Maces & Flails
    74 | D        | Reached skill level 5 in Dodging
    74 | D        | Reached XP level 4. HP: 26/29 MP: 4/4
    74 | D        | Reached XP level 5. HP: 29/33 MP: 5/5
    78 | D        | Entered arena 5.
    78 | D        | Found a transporter.
    84 | D        | HP: 1/33 [orc priest/divine providence (15)]
    86 | D        | Entered arena 6.
    86 | D        | Noticed a water moccasin
    86 | D        | Noticed a water moccasin
    86 | D        | Found a transporter.
    88 | D        | Killed a water moccasin
    88 | D        | Reached skill level 5 in Fighting
    88 | D        | Reached skill level 8 in Maces & Flails
    88 | D        | Reached XP level 6. HP: 2/40 MP: 6/6
    89 | D        | Killed a water moccasin
    89 | D        | Reached skill level 9 in Maces & Flails
    96 | D        | Got the ring "Edankaimet" {+Fly rPois Dex+3}
   106 | D        | Got the cursed +3 quarterstaff of Zogh {venom, rF+ Str+4 SInv}
   152 | D        | Killed Terence
   157 | D        | Killed Frances
   377 | D        | Entered arena 7.
   377 | D        | Noticed a merfolk
   377 | D        | Noticed a merfolk
   377 | D        | Noticed a merfolk
   377 | D        | Noticed a merfolk
   377 | D        | Noticed a merfolk
   378 | D        | Found a transporter.
   387 | D        | Killed a merfolk
   387 | D        | Reached skill level 10 in Maces & Flails
   387 | D        | Reached XP level 7. HP: 26/46 MP: 7/7
   394 | D        | Killed a merfolk
   394 | D        | Reached skill level 5 in Shields
   394 | D        | Reached XP level 8. HP: 25/52 MP: 8/8
   398 | D        | Killed a merfolk
   398 | D        | Reached skill level 11 in Maces & Flails
   401 | D        | Killed a merfolk
   401 | D        | Killed a merfolk
   502 | D        | Entered arena 8.
   502 | D        | Noticed a white draconian
   502 | D        | Noticed a death cob
   502 | D        | Noticed a draconian
   502 | D        | Noticed a draconian
   502 | D        | Noticed a draconian
   502 | D        | Noticed a death cob
   503 | D        | Found a transporter.
   506 | D        | Slain by a death cob

Skill      XL: |  1  2  3  4  5  6  7  8 |
---------------+-------------------------+-----
Maces & Flails | 4 7 8 10 11 | 11.6
Throwing       | 2 3 4 |  4.9
Dodging        | 3 5 6 7 8 |  8.9
Fighting       | 3 4 5 6 7 |  7.3
Armour         | 1 2 3 4 |  4.3
Shields        | 2 4 5 7 |  7.8

Action                   |  1- 3 |  4- 6 |  7- 9 || total
-------------------------+-------+-------+-------++-------
Melee: Shillelagh        |     4 |     7 |    10 ||    21
Armor: Plate armour      |     1 |    21 |    10 ||    32
Dodge: Dodged            |       |       |     3 ||     3
Block: Shield            |     8 |    23 |    34 ||    65
